 Dungeon Crawl Stone Soup version 0.29.1-13-g9f3cf754e1 (webtiles) character file.

Game seed: 1313040990784523654

16 cordialsnail the Ruffian (level 2, 15/23 HPs)
             Began as a Draconian Transmuter on Feb 1, 2023.
             Quit the game on level 2 of the Dungeon.
             The game lasted 00:07:33 (1078 turns).

cordialsnail the Ruffian (Draconian Transmuter)     Turns: 1078, Time: 00:07:34

Health: 15/23      AC:  4    Str: 12    XL:     2   Next: 41%
Magic:  5/5        EV: 12    Int: 13    God:
Gold:   72         SH:  5    Dex: 11    Spells: 4/5 levels left

rFire   . . .      SeeInvis +     - Unarmed
rCold   . . .      Faith    .   (no shield)
rNeg    . . .      Spirit   .   (body armour unavailable)
rPois   .          Reflect  +   (helmet restricted)
rElec   .          Harm     .   (no cloak)
rCorr   .          Rampage  .   (no gloves)
Will    +....                   (no boots)
Stlth   +.........              c - amulet of reflection
HPRegen 0.07/turn               f - ring of see invisible
MPRegen 0.09/turn               h - ring of willpower

@: no status effects
A: AC +4, unfitting armour, cold-blooded
a: no special abilities


You were on level 2 of the Dungeon.
You visited 1 branch of the dungeon, and saw 2 of its levels.

You collected 72 gold pieces.

Inventory:

Hand Weapons
 g - a +2 dagger of flaming
Jewellery
 c - an amulet of reflection (around neck)
 f - a ring of see invisible (left hand)
 h - a ring of willpower (right hand)
 j - a ring of wizardry
Scrolls
 b - a scroll of teleportation {unknown}
 d - 2 scrolls of amnesia {unknown}
 e - a scroll of enchant weapon {unknown}
Potions
 a - 3 potions of lignification
 i - a potion of flight {unknown}


   Skills:
 + Level 1.5 Fighting
 + Level 2.0 Dodging
 + Level 3.1 Unarmed Combat
 + Level 2.2 Spellcasting
 + Level 2.2 Transmutations


You had 4 spell levels left.
You knew the following spells:

 Your Spells              Type           Power      Damage    Failure   Level
a - Beastly Appendage     Tmut           14%        N/A       10%         1

Your spell library contained the following spells:

 Spells                   Type           Power      Damage    Failure   Level
 Wereblood                Tmut           7%         N/A       16%         2
 Spider Form              Tmut/Pois      4%         N/A       43%         3
 Ice Form                 Ice/Tmut       4%         N/A       83%         4


Dungeon Overview and Level Annotations

Branches:
Dungeon (2/15)

Altars:


Innate Abilities, Weirdness & Mutations

Your plain brown scales are hard. (AC +4)
You cannot fit into any form of body armour.
You are cold-blooded and may be slowed by cold attacks.


Message History

A hobgoblin comes into view.
You see here a +0 scale mail.
You closely miss the kobold.
The hobgoblin shouts!
You block the kobold's attack.
You hit the kobold.
The kobold is moderately wounded.
The kobold hits you but does no damage.
You barely miss the kobold.
The kobold is moderately wounded.
The kobold hits you with a +3 dagger.
You barely miss the kobold.
Your tail-slap misses the kobold.
The kobold is moderately wounded.
The kobold closely misses you.
You barely miss the kobold. You tail-slap the kobold.
The kobold is heavily wounded.
The kobold barely misses you.
You completely miss the kobold.
The kobold is heavily wounded.
The kobold hits you with a +3 dagger.
You hit the kobold.
You kill the kobold!
You block the hobgoblin's attack. The hobgoblin closely misses you.
Things that are here:
a +3 dagger; a kobold corpse The hobgoblin hits you.
You hit the hobgoblin.
The hobgoblin is severely wounded.
You barely miss the hobgoblin.
The hobgoblin is severely wounded.
The hobgoblin barely misses you.
You barely miss the hobgoblin. You tail-slap the hobgoblin.
The hobgoblin is almost dead.
The hobgoblin closely misses you.
You hit the hobgoblin.
You kill the hobgoblin!
Things that are here:
a +3 dagger; a kobold corpse Are you sure you want to abandon this character and quit the game? (Confirm with "yes".)

#.# #.#
#.#######
#.#.....##
#........##
#.........#
####.........#
........[....#
.........@....#
..............#
####.........##
#..........#
#..........#
#!.........#
..[.........#
............#
...........##


There were no monsters in sight!

Vanquished Creatures
  A bat (D:1)
  An endoplasm (D:1)
  A giant cockroach (D:2)
  A goblin (D:1)
  3 hobgoblins
  4 ball pythons
  A frilled lizard (D:2)
  2 kobolds
14 creatures vanquished.

Vanquished Creatures (others)
  A plant (D:1)
1 creature vanquished.

Grand Total: 15 creatures vanquished

Notes
Turn   | Place    | Note
-------+----------+-------------------------------------------
     0 | D:1      | cordialsnail the Draconian Transmuter began the quest for
                  | the Orb.
     0 | D:1      | Reached XP level 1. HP: 16/16 MP: 3/3
    75 | D:1      | You fall into a shaft and drop 1 floor!
   499 | D:1      | Reached XP level 2. HP: 23/23 MP: 5/5
   977 | D:1      | Found a faded altar of an unknown god.
  1078 | D:2      | Quit the game

Illustrated notes

Levels and vault maps discovered:
D:1:      nzn_arrival_water_spiral, layout_basic,
          dreamdust_ecumenical_altar_hidden_monk_grotto, minmay_splitting_lines
D:2:      layout_rooms

Skill      XL: |  1  2 |
---------------+-------+-----
Dodging        | 2 |  2.0
Fighting       | |  1.5
Unarmed Combat | |  3.1
Spellcasting   | |  2.2
Transmutations | |  2.2

Action                   || total
-------------------------++-------
Melee: Unarmed           ||    74
       Kick              ||     3
       Tailslap          ||     3
       Headbutt          ||     1
       Punch             ||     1
 Cast: Beastly Appendage ||     2
Armor: Skin              ||    24
Dodge: Dodged            ||    55
Block: Other             ||    21
